 Dungeon Crawl Stone Soup version 0.21-a0 (webtiles) character file.

147 Chiseanne the Chiller (level 5, -2/38 HPs)
             Began as a Centaur Ice Elementalist on May 19, 2017.
             Killed from afar by Natasha (10 damage)
             ... with a magic dart
             ... on level 3 of the Dungeon.
             The game lasted 00:12:20 (3442 turns).

Chiseanne the Chiller (Centaur Ice Elementalist)    Turns: 3442, Time: 00:12:20

Health: -2/38      AC:  5    Str: 11    XL:     5   Next: 7%
Magic:  5/9        EV:  9    Int: 15    God:
Gold:   108        SH:  0    Dex:  9    Spells: 3/9 levels left

rFire    . . .     SeeInvis .   a - +2 war axe (flame)
rCold    . . .     Gourm    .   (no shield)
rNeg     . . .     Faith    .   e - +0 robe
rPois    .         Spirit   .   (no helmet)
rElec    .         Reflect  .   (no cloak)
rCorr    .         Harm     .   m - +0 pair of gloves
MR       .....                  (no barding)
Stlth    +.........             (no amulet)
Regen    0.2/turn               (no ring)
MPRegen  0.2/turn               (no ring)

@: very quick
A: hooves 3, deformed body, speed 2, tough skin 3
a: no special abilities


You were on level 3 of the Dungeon.
You were not hungry.

You visited 1 branch of the dungeon, and saw 3 of its levels.

You collected 108 gold pieces.

Inventory:

Hand Weapons
 a - a +2 war axe of flaming (weapon)
Missiles
 f - 44 stones
 h - 6 tomahawks (quivered)
 i - 26 arrows
 q - 22 bolts
Armour
 e - a +0 robe (worn)
 m - a +0 pair of gloves (worn)
Wands
 g - a wand of random effects (24/48)
Scrolls
 d - 2 scrolls of identify
 k - 3 scrolls of teleportation
 p - a scroll of fog
Books
 b - a book of Frost

   Spells                             Type                      Level
   a - Freeze                         Ice                          1
   b - Throw Frost                    Conjuration/Ice              2
   c - Ozocubu's Armour               Charms/Ice                   3
   d - Throw Icicle                   Conjuration/Ice              4
   e - Summon Ice Beast               Ice/Summoning                4
Comestibles
 c - 3 bread rations
 j - 2 meat rations
 l - a royal jelly
 n - a chunk of flesh


   Skills:
 - Level 1.3 Dodging
 - Level 1.1 Stealth
 * Level 2.8 Spellcasting
 * Level 2.0 Conjurations
 * Level 1.0 Charms
 * Level 3.6 Ice Magic


You had 3 spell levels left.
You knew the following spells:

 Your Spells              Type           Power        Failure   Level  Hunger
a - Freeze                Ice            ##..         4%          1    #......
b - Throw Frost           Conj/Ice       ##....       10%         2    ##.....
c - Ozocubu's Armour      Chrm/Ice       #.......     22%         3    ###....


Dungeon Overview and Level Annotations

Branches:
Dungeon (3/15)

Altars:
Xom

Annotations:
D:3 Natasha


Innate Abilities, Weirdness & Mutations

You have hooves in place of feet.
Armour fits poorly on your strangely shaped body.
You cover ground very quickly.
You have extremely tough skin. (AC +3)


Message History

the felid corpse of Natasha; a rat skeleton Some of the chunks of flesh in your inventory have rotted away.
Natasha, Servant of Life and Death comes into view.
Natasha casts a spell at you. The magic dart hits you!
* * * LOW HITPOINT WARNING * * *
Okay, then.
You feel better.
Natasha stares at you and mumbles some strange words.
The magic dart hits you!
* * * LOW HITPOINT WARNING * * *
Evoke which item? (* to show all) (? for menu, Esc to quit)
Aiming: Random Effects (will waste charges)
Press: ? - help, Shift-Dir - straight line, f - Natasha
Aim: Natasha Natasha seems to speed up.
Evoking this partially-identified wand wasted a few charges.
Natasha stares at you and mumbles some strange words.
The magic dart hits you!
You die...

................##
#...# #.#.#
#..............###
#...# #.#.#
.................#
#...# #.#.#
.......###.......#
##### #...#
..###### #.....†.#
##### #.......# #
#.......#### #
..######....### #
...h.....@.....# #
...######....#.# #
#....# # # #..>.#
#....# #....#
#..... #......


You could see Natasha.

Vanquished Creatures
  Natasha (D:3)
  3 adders
  3 worms
  5 dart slugs
  3 leopard geckos
  5 orcs
  10 bats
  2 giant cockroaches
  4 hobgoblins
  4 jackals (D:3)
  8 kobolds
  A quokka (D:3)
  2 ball pythons
  3 frilled lizards
  10 goblins
  3 rats
67 creatures vanquished.

Notes
Turn   | Place    | Note
-------+----------+-------------------------------------------
     0 | D:1      | Chiseanne the Centaur Ice Elementalist began the quest for the Orb.
     0 | D:1      | Reached XP level 1. HP: 14/14 MP: 3/3
   313 | D:1      | Reached XP level 2. HP: 20/20 MP: 1/4
   315 | D:1      | Reached skill level 3 in Ice Magic
   855 | D:1      | Learned a level 2 spell: Throw Frost
  1216 | D:1      | Reached XP level 3. HP: 26/26 MP: 6/6
  1245 | D:1      | Learned a level 3 spell: Ozocubu's Armour
  1472 | D:2      | Reached skill level 1 in Conjurations
  1665 | D:2      | Found a shimmering altar of Xom.
  2338 | D:2      | Reached XP level 4. HP: 30/33 MP: 7/7
  3419 | D:3      | Noticed Natasha
  3430 | D:3      | Killed Natasha
  3430 | D:3      | Reached skill level 1 in Charms
  3430 | D:3      | Reached XP level 5. HP: 8/38 MP: 4/9
  3437 | D:3      | Noticed Natasha
  3442 | D:3      | Killed from afar by Natasha

Vault maps used:
D:1:      dpeg_arrival_rooms_with_view, minmay_cupped
D:2:      xom_butterflies, st_stairs_1, minivault_11, kennysheep_generic_room_14
D:3:      grunt_dithmenos_smoke, kennysheep_generic_room_5, uniq_natasha,
          uniq_terence

Skill      XL: |  1  2  3  4 |
---------------+-------------+-----
Ice Magic      | 3 |  3.6
Spellcasting   | 2 |  2.8
Conjurations   | 1 2 |  2.0
Charms         | 1 |  1.0
Dodging        | |  1.3
Stealth        | |  1.1

Action                   |  1- 3 |  4- 6 || total
-------------------------+-------+-------++-------
Melee: Unarmed           |     7 |       ||     7
       Short sword       |    71 |     4 ||    75
       Kick              |    11 |     5 ||    16
       War axe           |       |    24 ||    24
Throw: Tomahawk          |       |     1 ||     1
 Cast: Freeze            |    46 |    21 ||    67
       Throw Frost       |     4 |       ||     4
       Ozocubu's Armour  |       |     1 ||     1
Evoke: Wand              |       |     3 ||     3
  Use: Scroll            |     6 |       ||     6
       Potion            |       |     1 ||     1
 Stab: Sleeping          |     1 |       ||     1
  Eat: Chunk             |     5 |     3 ||     8
Armor: Robe              |    37 |    21 ||    58
Dodge: Dodged            |    53 |    26 ||    79
